TOP OF THE 1ST |
Colorado Avalanche batting - Pitching for Americus Braves : RHP Daisuke Tashima
|
Pitching: RHP Daisuke Tashima
|
|
Batting: LHB Robert Watson
|
0-0: Ball 1-0: Called Strike 1-1: Bunt - Flyout to 25! F1
|
Batting: LHB Mark Von Behren
|
0-0: Foul Ball, location: 2F 0-1: Foul Ball, location: 2F 0-2: Ball 1-2: Ground out U3 (Groundball, 3, EV 85.6 MPH)
|
Batting: LHB Eric Haffer
|
0-0: Swinging Strike 0-1: Ball 1-1: Ball 2-1: Foul Ball, location: 2F 2-2: Ball 3-2: SINGLE (Groundball, 56D, EV 111.9 MPH)
|
Batting: RHB Dylan Appeldoorn
|
0-0: Ball 1-0: Swinging Strike 1-1: Foul Ball, location: 2F 1-2: Foul Ball, location: 2F 1-2: Foul Ball, location: 2F 1-2: Foul Ball, location: 2F 1-2: Foul Ball, location: 2F 1-2: Ball 2-2: Foul Ball, location: 2F 2-2: Strikes out swinging
|
Top of the 1st over - 0 runs, 1 hit, 0 errors, 1 left on base; Colorado 0 - Americus 0 |
BOTTOM OF THE 1ST |
Americus Braves batting - Pitching for Colorado Avalanche : RHP Keraja Arazi
|
Pitching: RHP Keraja Arazi
|
|
Batting: RHB Jose Restrepo
|
0-0: Ball 1-0: Ball 2-0: Fly out, F9 (Flyball, 89S, EV 89.4 MPH)
|
Batting: RHB Ray Hubbard
|
0-0: Ball 1-0: Foul Ball, location: 2F 1-1: Ball 2-1: Ball 3-1: Base on Balls
|
Batting: LHB Rafael Ortega
|
0-0: Called Strike Ray Hubbard is caught stealing 2nd base 2-6 0-1: Ball 1-1: Foul Ball, location: 2F 1-2: Hit by Pitch
|
Batting: RHB Mike Beavers
|
0-0: Called Strike 0-1: DOUBLE (Line Drive, 7LM, EV 105.6 MPH) Rafael Ortega to third Runner from 3rd tries for Home, SAFE, no throw by LF
|
Batting: LHB Sergio Corona
|
0-0: Ball 1-0: Ball 2-0: Ball 3-0: Called Strike 3-1: Base on Balls
|
Batting: RHB Ryuzo Nakano
|
0-0: SINGLE (Line Drive, 8LS, EV 106.3 MPH) Mike Beavers to third Sergio Corona to second Runner from 3rd tries for Home, SAFE, throw by CF to home
|
Batting: RHB Casey Spires
|
0-0: Fly out, F6 (Popup, 6, EV 75.0 MPH)
|
Bottom of the 1st over - 2 runs, 2 hits, 0 errors, 2 left on base; Colorado 0 - Americus 2 |
TOP OF THE 2ND |
Colorado Avalanche batting - Pitching for Americus Braves : RHP Daisuke Tashima
|
Batting: LHB Justin James
|
0-0: Called Strike 0-1: Swinging Strike 0-2: Ball 1-2: SINGLE (Groundball, 5, EV 111.3 MPH) (infield hit)
|
Batting: RHB Ernesto Munoz
|
0-0: Foul Ball, location: 2F 0-1: Called Strike 0-2: Ball 1-2: Strikes out swinging
|
Batting: RHB Ricardo Ortiz
|
0-0: SINGLE (Line Drive, 78S, EV 93.1 MPH) Justin James to second
|
Batting: SHB In-sung Lee
|
0-0: Ball 1-0: Fielders Choice at 2nd, 1-6 (Groundball, 13, EV 66.9 MPH) Justin James to third
|
Batting: RHB Keraja Arazi
|
0-0: Ball 1-0: Fly out, F5 (Line Drive, 5, EV 70.6 MPH)
|
Top of the 2nd over - 0 runs, 2 hits, 0 errors, 2 left on base; Colorado 0 - Americus 2 |
BOTTOM OF THE 2ND |
Americus Braves batting - Pitching for Colorado Avalanche : RHP Keraja Arazi
|
Batting: RHB Jose Trevino
|
0-0: Ball 1-0: Ground out 6-3 (Groundball, 56, EV 88.8 MPH)
|
Batting: RHB Daisuke Tashima
|
0-0: Called Strike 0-1: Ground out 6-3 (Groundball, 6, EV 79.4 MPH)
|
Batting: RHB Jose Restrepo
|
0-0: Called Strike 0-1: Called Strike 0-2: Ball 1-2: Foul Ball, location: 2F 1-2: Foul Ball, location: 2F 1-2: Foul Ball, location: 2F 1-2: SINGLE (Groundball, 6MD, EV 106.9 MPH)
|
Batting: RHB Ray Hubbard
|
0-0: Ball 1-0: Called Strike 1-1: Ball 2-1: SINGLE (Line Drive, 5D, EV 98.1 MPH) Jose Restrepo to second
|
Batting: LHB Rafael Ortega
|
0-0: Called Strike 0-1: Ball 1-1: Foul Ball, location: 2F 1-2: Foul Ball, location: 2F 1-2: Strikes out swinging
|
Bottom of the 2nd over - 0 runs, 2 hits, 0 errors, 2 left on base; Colorado 0 - Americus 2 |
TOP OF THE 3RD |
Colorado Avalanche batting - Pitching for Americus Braves : RHP Daisuke Tashima
|
Batting: LHB Robert Watson
|
0-0: Fly out, F7 (Flyball, 7S, EV 90.6 MPH)
|
Batting: LHB Mark Von Behren
|
0-0: Ball 1-0: Foul Ball, location: 2F 1-1: Swinging Strike 1-2: Ground out U3 (Groundball, 34, EV 88.8 MPH)
|
Batting: LHB Eric Haffer
|
0-0: Ball 1-0: Called Strike 1-1: Ball 2-1: Ball 3-1: Ground out 4-3 (Groundball, 4M, EV 98.1 MPH)
|
Top of the 3rd over - 0 runs, 0 hits, 0 errors, 0 left on base; Colorado 0 - Americus 2 |
BOTTOM OF THE 3RD |
Americus Braves batting - Pitching for Colorado Avalanche : RHP Keraja Arazi
|
Batting: RHB Mike Beavers
|
0-0: Called Strike 0-1: Foul Ball, location: 2F 0-2: Ball 1-2: Ball 2-2: Foul Ball, location: 2F 2-2: Ball 3-2: SINGLE (Flyball, 9S, EV 88.8 MPH)
|
Batting: LHB Sergio Corona
|
0-0: Called Strike 0-1: Foul Ball, location: 2F 0-2: Ball 1-2: Fly out, F8 (Flyball, 8RS, EV 90.0 MPH)
|
Batting: RHB Ryuzo Nakano
|
0-0: Ball 1-0: Ground out 4-3 (Groundball, 34D, EV 98.8 MPH) Mike Beavers to second
|
Batting: RHB Casey Spires
|
0-0: Swinging Strike 0-1: Ball 1-1: Foul Ball, location: 2F 1-2: Fly out, F4 (Popup, 4, EV 81.3 MPH)
|
Bottom of the 3rd over - 0 runs, 1 hit, 0 errors, 1 left on base; Colorado 0 - Americus 2 |
TOP OF THE 4TH |
Colorado Avalanche batting - Pitching for Americus Braves : RHP Daisuke Tashima
|
Batting: RHB Dylan Appeldoorn
|
0-0: SINGLE (Line Drive, 6D, EV 99.4 MPH)
|
Batting: LHB Justin James
|
Balk! Dylan Appeldoorn to second 0-0: Called Strike 0-1: Foul Ball, location: 2F 0-2: DOUBLE (Flyball, 8LXD, EV 108.1 MPH) Dylan Appeldoorn scores
|
Batting: RHB Ernesto Munoz
|
0-0: Ball 1-0: Ball 2-0: Ball 3-0: Called Strike 3-1: Foul Ball, location: 2F 3-2: Ground out 4-3 (Groundball, 4S, EV 82.5 MPH) Justin James to third
|
Batting: RHB Ricardo Ortiz
|
0-0: Called Strike 0-1: Ball 1-1: Ball 2-1: SINGLE (Groundball, 6MD, EV 95.0 MPH) Justin James scores
|
Batting: SHB In-sung Lee
|
0-0: Ball 1-0: Foul Ball, location: 2F 1-1: Foul Ball, location: 2F 1-2: Ball 2-2: Fielders Choice at 2nd, 4-6 (Groundball, 34D, EV 100.6 MPH)
|
Batting: RHB Keraja Arazi
|
0-0: Ball 1-0: Ground out 4-3 (Groundball, 4, EV 99.4 MPH)
|
Top of the 4th over - 2 runs, 3 hits, 0 errors, 1 left on base; Colorado 2 - Americus 2 |
BOTTOM OF THE 4TH |
Americus Braves batting - Pitching for Colorado Avalanche : RHP Keraja Arazi
|
Batting: RHB Jose Trevino
|
0-0: Called Strike 0-1: Ground out 4-3 (Groundball, 4, EV 81.9 MPH)
|
Batting: RHB Daisuke Tashima
|
0-0: Ball 1-0: Ball 2-0: Foul Ball, location: 2F 2-1: Ground out 4-3 (Groundball, 4MS, EV 82.5 MPH)
|
Batting: RHB Jose Restrepo
|
0-0: Ball 1-0: TRIPLE (Line Drive, 9D, EV 105.6 MPH)
|
Batting: RHB Ray Hubbard
|
0-0: Ball 1-0: SINGLE (Groundball, 4MD, EV 103.1 MPH) Jose Restrepo scores
|
Batting: LHB Rafael Ortega
|
0-0: Ball 1-0: Called Strike 1-1: Foul Ball, location: 2F 1-2: Foul Ball, location: 2F 1-2: Ball 2-2: Foul Ball, location: 2F 2-2: Foul Ball, location: 2F 2-2: Fly out, F8 (Line Drive, 8LM, EV 95.6 MPH)
|
Bottom of the 4th over - 1 run, 2 hits, 0 errors, 1 left on base; Colorado 2 - Americus 3 |
TOP OF THE 5TH |
Colorado Avalanche batting - Pitching for Americus Braves : RHP Daisuke Tashima
|
Batting: LHB Robert Watson
|
0-0: Ball 1-0: SINGLE (Line Drive, 5D, EV 95.0 MPH)
|
Batting: LHB Mark Von Behren
|
0-0: Fielders Choice at 2nd, 1-6 (Groundball, P, EV 74.4 MPH)
|
Batting: LHB Eric Haffer
|
0-0: Fly out, F6 (Popup, 15, EV 83.1 MPH)
|
Batting: RHB Dylan Appeldoorn
|
0-0: Ball 1-0: Ball 2-0: SINGLE (Groundball, 34D, EV 95.6 MPH) Mark Von Behren to second Runner from 2nd tries for 3rd, SAFE, throw by RF made to third
|
Batting: LHB Justin James
|
0-0: Ball 1-0: Ball Balk! Mark Von Behren scores Dylan Appeldoorn to second 2-0: Intentional Walk
|
Pitching: RHP John Vaughn
|
|
Batting: RHB Ernesto Munoz
|
0-0: Called Strike 0-1: Swinging Strike 0-2: Ball 1-2: DOUBLE (Line Drive, 9LS, EV 104.4 MPH) Dylan Appeldoorn scores Justin James to third Runner from 3rd tries for Home, SAFE, no throw by RF
|
Batting: RHB Ricardo Ortiz
|
0-0: Intentional Walk
|
Batting: SHB In-sung Lee
|
0-0: Ball 1-0: Foul Ball, location: 2F 1-1: Ball Wild Pitch! Ernesto Munoz to third Ricardo Ortiz to second 2-1: Ball 3-1: Base on Balls
|
Batting: RHB Keraja Arazi
|
0-0: Ball 1-0: Called Strike 1-1: Fielders Choice at 2nd, U6 (Groundball, 6M, EV 98.1 MPH)
|
Top of the 5th over - 3 runs, 3 hits, 0 errors, 3 left on base; Colorado 5 - Americus 3 |
BOTTOM OF THE 5TH |
Americus Braves batting - Pitching for Colorado Avalanche : RHP Keraja Arazi
|
Batting: RHB Mike Beavers
|
0-0: Ball 1-0: Foul Ball, location: 2F 1-1: Ball 2-1: Swinging Strike 2-2: Foul Ball, location: 2F 2-2: Ball 3-2: Ground out 5-3 (Groundball, 56, EV 105.0 MPH)
|
Batting: LHB Sergio Corona
|
0-0: Called Strike 0-1: Ball 1-1: Foul Ball, location: 2F 1-2: Ball 2-2: Ball 3-2: SINGLE (Line Drive, 89M, EV 103.8 MPH)
|
Pitching: RHP Edgar Villarreal
|
|
Batting: RHB Ryuzo Nakano
|
0-0: Ball 1-0: Foul Ball, location: 2F 1-1: Ball 2-1: Swinging Strike 2-2: Strikes out swinging
|
Batting: RHB Casey Spires
|
0-0: Swinging Strike 0-1: Foul Ball, location: 2F 0-2: Strikes out swinging
|
Bottom of the 5th over - 0 runs, 1 hit, 0 errors, 1 left on base; Colorado 5 - Americus 3 |
TOP OF THE 6TH |
Colorado Avalanche batting - Pitching for Americus Braves : RHP John Vaughn
|
Batting: LHB Robert Watson
|
0-0: Foul Ball, location: 2F 0-1: Fly out, F6 (Popup, 6D, EV 62.5 MPH)
|
Batting: LHB Mark Von Behren
|
0-0: Foul Ball, location: 2F 0-1: Ball 1-1: Foul Ball, location: 2F 1-2: SINGLE (Groundball, 6, EV 83.8 MPH) (infield hit)
|
Batting: LHB Eric Haffer
|
Pickoff Throw to First - Error! E1 Mark Von Behren to second 0-0: Intentional Walk
|
Batting: RHB Dylan Appeldoorn
|
0-0: Foul Ball, location: 2F 0-1: Foul Ball, location: 2F 0-2: Ball 1-2: Strikes out swinging
|
Batting: LHB Justin James
|
0-0: Swinging Strike 0-1: Ball Wild Pitch! Mark Von Behren to third Eric Haffer to second 1-1: Intentional Walk
|
Batting: RHB Ernesto Munoz
|
0-0: Ball 1-0: Fielders Choice at 2nd, 6-4 (Groundball, 6, EV 84.4 MPH)
|
Top of the 6th over - 0 runs, 1 hit, 1 error, 3 left on base; Colorado 5 - Americus 3 |
BOTTOM OF THE 6TH |
Americus Braves batting - Pitching for Colorado Avalanche : RHP Edgar Villarreal
|
Batting: RHB Jose Trevino
|
0-0: Ball 1-0: Foul Ball, location: 2F 1-1: Ball 2-1: Foul Ball, location: 2F 2-2: Strikes out swinging
|
Pinch Hitting: RHB Jose Copado
|
0-0: Ball 1-0: Ground out 6-3 (Groundball, 56, EV 103.8 MPH)
|
Batting: RHB Jose Restrepo
|
0-0: Ball 1-0: Called Strike 1-1: SINGLE (Flyball, 8RS, EV 86.3 MPH)
|
Batting: RHB Ray Hubbard
|
0-0: Foul Ball, location: 2F 0-1: Ball 1-1: Ball Pickoff Throw to First - Error! E1 Jose Restrepo to second 2-1: Foul Ball, location: 2F 2-2: Strikes out swinging
|
Bottom of the 6th over - 0 runs, 1 hit, 1 error, 1 left on base; Colorado 5 - Americus 3 |
TOP OF THE 7TH |
Colorado Avalanche batting - Pitching for Americus Braves : RHP John Vaughn
|
Pitching: RHP Bill Knowlden
|
|
Batting: RHB Ricardo Ortiz
|
0-0: SINGLE (Groundball, 56D, EV 97.5 MPH)
|
Batting: SHB In-sung Lee
|
0-0: Called Strike Ricardo Ortiz steals 2nd base 0-1: Ball 1-1: Ball 2-1: Ball 3-1: Base on Balls
|
Pinch Hitting: LHB Michael Ohana
|
0-0: Ball 1-0: Swinging Strike 1-1: Foul Ball, location: 2F 1-2: Ball 2-2: Ball 3-2: Foul Ball, location: 2F 3-2: Base on Balls Ricardo Ortiz to third In-sung Lee to second
|
Batting: LHB Robert Watson
|
0-0: Foul Ball, location: 2F 0-1: Ball 1-1: Swinging Strike 1-2: Ball 2-2: Strikes out swinging
|
Batting: LHB Mark Von Behren
|
0-0: Ball 1-0: Swinging Strike 1-1: Ball 2-1: Foul Ball, location: 2F 2-2: Strikes out looking
|
Pitching: LHP David Barrera
|
|
Batting: LHB Eric Haffer
|
0-0: Ball 1-0: Ball 2-0: Fly out, F1 (Line Drive, P, EV 70.0 MPH)
|
Top of the 7th over - 0 runs, 1 hit, 0 errors, 3 left on base; Colorado 5 - Americus 3 |
BOTTOM OF THE 7TH |
Americus Braves batting - Pitching for Colorado Avalanche : RHP Edgar Villarreal
|
Pitching: RHP Mario Macario
|
|
Batting: LHB Rafael Ortega
|
0-0: Ball 1-0: Swinging Strike 1-1: Swinging Strike 1-2: Foul Ball, location: 2F 1-2: Strikes out looking
|
Batting: RHB Mike Beavers
|
0-0: Called Strike 0-1: Swinging Strike 0-2: Strikes out looking
|
Batting: LHB Sergio Corona
|
0-0: Called Strike 0-1: Ball 1-1: Called Strike 1-2: Strikes out swinging
|
Bottom of the 7th over - 0 runs, 0 hits, 0 errors, 0 left on base; Colorado 5 - Americus 3 |
TOP OF THE 8TH |
Colorado Avalanche batting - Pitching for Americus Braves : LHP David Barrera
|
Pitching: RHP Alfonso Alvarado
|
|
Batting: RHB Dylan Appeldoorn
|
0-0: Called Strike 0-1: Ball 1-1: Swinging Strike 1-2: Strikes out swinging
|
Batting: LHB Justin James
|
0-0: Called Strike 0-1: Called Strike 0-2: Foul Ball, location: 2F 0-2: Foul Ball, location: 2F 0-2: Strikes out swinging
|
Batting: RHB Ernesto Munoz
|
0-0: Ball 1-0: Foul Ball, location: 2F 1-1: Foul Ball, location: 2F 1-2: Strikes out looking
|
Top of the 8th over - 0 runs, 0 hits, 0 errors, 0 left on base; Colorado 5 - Americus 3 |
BOTTOM OF THE 8TH |
Americus Braves batting - Pitching for Colorado Avalanche : RHP Mario Macario
|
Batting: RHB Ryuzo Nakano
|
0-0: Fly out, F9 (Flyball, 9D, EV 108.1 MPH)
|
Batting: RHB Casey Spires
|
0-0: Called Strike 0-1: Foul Ball, location: 2F 0-2: Strikes out swinging
|
Batting: RHB Jose Trevino
|
0-0: Ball 1-0: Ball 2-0: Ball 3-0: Called Strike 3-1: Fly out, F8 (Flyball, 89D, EV 100.0 MPH)
|
Bottom of the 8th over - 0 runs, 0 hits, 0 errors, 0 left on base; Colorado 5 - Americus 3 |
TOP OF THE 9TH |
Colorado Avalanche batting - Pitching for Americus Braves : RHP Alfonso Alvarado
|
Batting: RHB Ricardo Ortiz
|
0-0: Called Strike 0-1: Foul Ball, location: 2F 0-2: Ball 1-2: Foul Ball, location: 2F 1-2: Ball 2-2: Foul Ball, location: 2F 2-2: Foul Ball, location: 2F 2-2: Strikes out swinging
|
Batting: SHB In-sung Lee
|
0-0: Ball 1-0: Ball 2-0: Called Strike 2-1: Foul Ball, location: 2F 2-2: Strikes out swinging
|
Pinch Hitting: RHB Jorge Rubio
|
0-0: Ball 1-0: Ball 2-0: Ball 3-0: Base on Balls
|
Batting: LHB Robert Watson
|
0-0: Ball 1-0: Ball 2-0: Called Strike 2-1: Swinging Strike 2-2: Strikes out swinging
|
Top of the 9th over - 0 runs, 0 hits, 0 errors, 1 left on base; Colorado 5 - Americus 3 |
BOTTOM OF THE 9TH |
Americus Braves batting - Pitching for Colorado Avalanche : RHP Mario Macario
|
Pitching: RHP Paul Miley
|
|
Now at 1B: Arend Sandstrod
|
|
Now at 2B: Frank Grimes
|
|
Now in CF: Mike Roberts
|
|
Pinch Hitting: RHB Adam McGurn
|
0-0: Called Strike 0-1: Ball 1-1: Swinging Strike 1-2: Ball 2-2: Foul Ball, location: 2F 2-2: Strikes out swinging
|
Batting: RHB Jose Restrepo
|
0-0: Ball 1-0: Foul Ball, location: 2F 1-1: Ball 2-1: Ball 3-1: SINGLE (Groundball, 4MD, EV 102.5 MPH)
|
Batting: RHB Ray Hubbard
|
0-0: Called Strike 0-1: Ball 1-1: Swinging Strike 1-2: Fly out, F7 (Line Drive, 7, EV 93.1 MPH)
|
Batting: LHB Rafael Ortega
|
0-0: Ball 1-0: Called Strike 1-1: Swinging Strike 1-2: Strikes out looking
|
Bottom of the 9th over - 0 runs, 1 hit, 0 errors, 1 left on base; Colorado 5 - Americus 3 |
|